 Dungeon Crawl Stone Soup version 0.30-a0-879-ga8ba668304 (webtiles) character file.

Game seed: 9384037642559907292

417 vlindergert the Chopper (level 6, -11/56 HPs)
             Began as a Minotaur Berserker on Mar 13, 2023.
             Was a Believer of Trog.
             Mangled by a gnoll
             ... wielding a +0 halberd
             ... led by a gnoll bouda
              (13 damage)
             ... on level 4 of the Dungeon.
             The game lasted 00:14:20 (3062 turns).

vlindergert the Chopper (Minotaur Berserker)        Turns: 3062, Time: 00:14:23

Health: -11/56     AC:  2    Str: 23    XL:     6   Next: 61%
Magic:  5/5        EV: 12    Int:  4    God:    Trog [**....]
Gold:   177        SH:  0    Dex: 10    Spells: 5/5 levels left

rFire   . . .      SeeInvis .    a - +0 hand axe
rCold   . . .      Faith    .    (no shield)
rNeg    . . .      Spirit   .    b - +0 animal skin
rPois   .          Reflect  .    (helmet restricted)
rElec   .          Rampage  .    (no cloak)
rCorr   .                        (no gloves)
Will    .....                    (no boots)
Stlth   +                        (no amulet)
HPRegen 0.29/turn                (no ring)
MPRegen 0.09/turn                (no ring)

@: no status effects
A: horns 2, retaliatory headbutt
a: Renounce Religion, Berserk, Trog's Hand


You were on level 4 of the Dungeon.
You worshipped Trog.
Trog was pleased with you.
You visited 1 branch of the dungeon, and saw 4 of its levels.

You collected 177 gold pieces.

Inventory:

Hand Weapons
 a - a +0 hand axe (weapon)
Armour
 b - a +0 animal skin (worn)
Wands
 e - a wand of polymorph (3)
Scrolls
 i - a scroll of identify
 j - a scroll of silence
Potions
 c - a potion of heal wounds
 d - a potion of berserk rage {unknown}
 f - a potion of resistance {unknown}
 g - 4 potions of degeneration
 h - 2 potions of flight
 k - a potion of brilliance {unknown}
 m - a potion of ambrosia {unknown}


   Skills:
 + Level 5.5 Fighting
 + Level 6.4 Axes
 + Level 3.4 Armour
 + Level 3.7 Dodging
 + Level 1.2 Stealth


You had 5 spell levels left.
You didn't know any spells.
Your spell library was empty.

Dungeon Overview and Level Annotations

Branches:
Dungeon (4/15)
 Temple: D:4-7

Altars:


Innate Abilities, Weirdness & Mutations

You have a pair of horns on your head.
You reflexively headbutt those who attack you in melee.


Message History

You kill the gnoll!
Trog accepts your kill.
You hit the gnoll. The gnoll closely misses you. x2
You hit the gnoll. You headbutt the gnoll.
You kill the gnoll!
Trog accepts your kill. The gnoll closely misses you.
The gnoll completely misses you.
The gnoll closely misses you. x2; You furiously retaliate!
You headbutt the gnoll. The gnoll barely misses you.
The gnoll bouda closely misses you. You furiously retaliate!
You headbutt the gnoll bouda.
Things that are here:
a +0 short sword; 2 stones You closely miss the gnoll bouda.
The gnoll bouda is lightly wounded.
You hit the gnoll. x2; You closely miss the kobold.
The gnoll hits you from afar with a +0 spear!
The gnoll hits you with a +0 halberd! x2
You are too injured to fight recklessly!
You are too injured to fight recklessly!
You are too injured to fight recklessly!
You hit the gnoll bouda.
The gnoll bouda is moderately wounded.
You closely miss the gnoll. You slash the kobold!
You kill the kobold!
Trog accepts your kill.
You slash the gnoll!
You kill the gnoll!
Trog accepts your kill.
The gnoll bouda hits you with a +1 whip of electrocution!
* * * LOW HITPOINT WARNING * * *
The gnoll closely misses you. The gnoll barely misses you.
You barely miss the gnoll bouda. Your headbutt misses the gnoll bouda.
The gnoll bouda is moderately wounded.
You closely miss the gnoll. The gnoll bouda closely misses you.
You furiously retaliate!
You headbutt the gnoll bouda!
The gnoll hits you from afar with a +0 spear.
* * * LOW HITPOINT WARNING * * *
The gnoll hits you with a +0 halberd!
You die...

... ....##....
..........######.......
. .................##...
.. .............#.##....
...#....#.......#.......
...............<#..#....
........<.........##....
......)g).........#.....
.....g.@######.......#..
....###g....##.......#.#
. #.....#..#.....#.#
#.....#.##.......#
#................#
#.......##>......#
#....)......[....#
#......#.#..#.#...
$................##


You could see a gnoll bouda and 2 gnolls.

Vanquished Creatures
  Sigmund (D:2)
  The ghost of BROtania the Chiller, an amateur MfIE (D:3)
  3 gnolls (D:4)
  6 adders
  A dart slug (D:3)
  9 orcs
  2 ball pythons
  4 endoplasms
  3 giant cockroaches
  9 hobgoblins
  5 jackals
  A quokka (D:3)
  10 bats
  6 goblins
  8 kobolds
  7 rats
76 creatures vanquished.

Notes
Turn   | Place    | Note
-------+----------+-------------------------------------------
     0 | D:1      | vlindergert the Minotaur Berserker began the quest for the
                  | Orb.
     0 | D:1      | Reached XP level 1. HP: 19/19 MP: 0/0
    91 | D:1      | Reached skill level 4 in Axes
    91 | D:1      | Reached XP level 2. HP: 26/27 MP: 1/1
   609 | D:2      | Found a faded altar of an unknown god.
   669 | D:2      | Reached XP level 3. HP: 27/33 MP: 2/2
   752 | D:2      | Noticed Sigmund
   773 | D:2      | HP: 1/33 [Sigmund/magic dart (5)]
   774 | D:2      | Killed Sigmund
   775 | D:2      | Reached skill level 5 in Fighting
   775 | D:2      | Reached skill level 5 in Axes
   775 | D:2      | Reached XP level 4. HP: 2/42 MP: 3/3
   775 | D:2      | Reached XP level 5. HP: 2/48 MP: 4/4
  1285 | D:2      | Reached ** piety under Trog
  1857 | D:3      | Found a runed translucent gate.
  1858 | D:3      | Noticed BROtania's ghost (amateur MfIE)
  1862 | D:3      | Found a runed translucent gate.
  1862 | D:3      | Found a runed translucent gate.
  1986 | D:3      | Reached XP level 6. HP: 56/56 MP: 5/5
  2700 | D:3      | Killed BROtania's ghost
  2701 | D:3      | Reached skill level 6 in Axes
  2701 | D:3      | Reached skill level 1 in Stealth
  3039 | D:4      | Identified the +0 leather armour of the Komodo Dragon
                  | {rPois Str+3 Int+2}
  3062 | D:4      | HP: 2/56 [gnoll/+0 spear[a gnoll bouda] (6)]
  3062 | D:4      | Mangled by a gnoll

Illustrated notes

Levels and vault maps discovered:
D:1:      dpeg_arrival_tiny_e, layout_rooms
D:2:      layout_basic, dreamdust_ecumenical_altar_statues, grunt_ministairs_9,
          minmay_tiny_reverse_x, uniq_sigmund
D:3:      layout_basic, gammafunk_ghost_split, chequers_serial_rivers_small_a,
          kennysheep_cluttered_room
D:4:      layout_rooms

Skill      XL: |  1  2  3  4  5  6 |
---------------+-------------------+-----
Axes           | 4 5 6 |  6.4
Fighting       | 4 5 |  5.5
Armour         | 3 |  3.4
Dodging        | 3 |  3.7
Stealth        | 1 |  1.2

Action                     |  1- 3 |  4- 6 || total
---------------------------+-------+-------++-------
  Melee: Hand axe          |    51 |   110 ||   161
         Headbutt          |     7 |    17 ||    24
         Punch             |       |     1 ||     1
    Use: Scroll            |       |     7 ||     7
         Potion            |       |     1 ||     1
   Stab: Sleeping          |       |     1 ||     1
 Armour: Animal skin       |    11 |    12 ||    23
  Dodge: Dodged            |    22 |    80 ||   102

Table legend: (Time is in decaauts)
 A = Elapsed time spent in this place.
 B = Non-inter-level travel time spent in this place.
 C = Inter-level travel time spent in this place.
 D = Time resting spent in this place.
 E = Time spent auto-exploring this place.
 F = Levels seen in this place.
 G = Mean time per level.
                   A        B        C        D        E       F      G
               +--------+--------+--------+--------+--------+-----+--------+
         Total |   3069 |   3069 |      0 |    488 |   2083 |   4 |  767.2 |
       Dungeon |   3069 |   3069 |      0 |    488 |   2083 |   4 |  767.2 |
               +--------+--------+--------+--------+--------+-----+--------+

Top non-repeatable levels by time:
     D:3: 1295 daAuts
     D:2: 1191 daAuts
     D:1: 448 daAuts
     D:4: 134 daAuts
